 Dungeon Crawl Stone Soup version 0.32-a0-918-g0f22ef8d61 (webtiles) character file.

Game seed: 2989147497912372147

324 Fodor the Covered (level 6, 0/53 HPs)
             Began as a Minotaur Fighter on Apr 11, 2024.
             Killed from afar by an orc wizard (7 damage)
             ... with a magic dart
             ... on level 4 of the Dungeon.
             The game lasted 00:06:39 (2191 turns).

Fodor the Covered (Minotaur Fighter)                Turns: 2191, Time: 00:06:41

Health: 0/53       AC:  9    Str: 23    XL:     6   Next: 23%
Magic:  5/5        EV:  8    Int:  5    God:
Gold:   155        SH:  8    Dex:  9    Spells: 5/5 levels left

rFire   . . .        a - +0 war axe
rCold   . . .        m - +0 kite shield
rNeg    . . .        b - +0 scale mail
rPois   .            (helmet restricted)
rElec   .            f - +0 cloak
rCorr   .            k - +0 pair of gloves
SInv    .            (no boots)
Will    .....        (no amulet) Stlth
                     (no ring)
HPRegen 0.28/turn    (no ring)
MPRegen 0.09/turn

%: no passive effects
@: lethally poisoned (0 -> -17)
A: horns 2, retaliatory headbutt
a: no special abilities


You were on level 4 of the Dungeon.
You visited 1 branch of the dungeon, and saw 4 of its levels.

You collected 155 gold pieces.

Inventory:

Hand Weapons
 a - a +0 war axe (weapon)
Armour
 b - a +0 scale mail (worn)
 f - a +0 cloak (worn)
 k - a +0 pair of gloves (worn)
 m - a +0 kite shield (worn)
Scrolls
 g - 6 scrolls of identify {unknown}
 i - 2 scrolls of teleportation {unknown}
 o - a scroll of revelation {unknown}
 p - a scroll of immolation {unknown}
 r - a scroll of fear {unknown}
Potions
 c - a potion of enlightenment {unknown}
 d - a potion of might
 e - 2 potions of curing {unknown}
 h - a potion of heal wounds {unknown}
 j - a potion of mutation {unknown}
 l - a potion of haste {unknown}
 n - a potion of experience {unknown}
 q - a potion of attraction {unknown}


   Skills:
 + Level 4.7 Fighting
 + Level 4.5 Axes
 + Level 5.4 Armour
 + Level 1.6 Dodging
 + Level 0.3 Stealth
 + Level 4.8 Shields


You had 5 spell levels left.
You didn't know any spells.
Your spell library contained the following spells:

 Spells                   Type           Power      Damage    Failure   Level
 Sigil of Binding         Hex            0%         N/A       100%        3
 Death Channel            Necr           0%         N/A       100%        6
 Sculpt Simulacrum        Ice/Alch       0%         N/A       100%        6


Dungeon Overview and Level Annotations

Branches:
Dungeon (4/15)
 Temple: D:4-7

Altars:


Innate Abilities, Weirdness & Mutations

You have a pair of horns on your head.
You reflexively headbutt those who attack you in melee.


Message History

The orc hits you from afar with a +0 trident.
Something hits you but does no damage.
Things that are here:
a +0 dagger; a +0 robe; an orc corpse You feel sick.
A magic dart appears from out of thin air!
The magic dart hits you!
You feel sick.
The kobold shouts!
The orc barely misses you. Something hits you but does no damage.
You are more poisoned.
Things that are here:
a +0 dagger; a +0 robe; an orc corpse You barely miss the orc.
You barely miss something.
You feel very sick. Something hits you. You block the orc's attack.
You slash the orc!
You kill the orc!
You barely miss something.
You feel sick.
A goblin comes into view. It is wielding a +0 dagger.
You hear some strange, mumbled words.
Something tries to affect you, but you resist.
The goblin moves out of view.
You miss something.
You feel sick. Something hits you but does no damage.
You are more poisoned.
Something hits you but does no damage.
You are more poisoned.
You barely miss something. You closely miss the kobold.
* * * LOW HITPOINT WARNING * * *
You feel very sick. You block the kobold's attack.
Something hits you but does no damage.
You are lethally poisoned!
You miss something. You slash the kobold!
You kill the kobold!
* * * LOW HITPOINT WARNING * * *
You feel extremely sick.
You hear some strange, mumbled words.
A magic dart appears from out of thin air!
The magic dart hits you!
You die...

###################
#......#................#
..........?..............
.........................
.......{..).......##.....
.......)@.#........#.....
...##.....#...#....+.....
#.....#...#....#....#
............+....<.....
.....!.......#....#.....
.............#........#..
.............#........#..
..#..(..g....#...........
......#..............


You could see a goblin (wandering).

Vanquished Creatures
  The ghost of Battleaxe07 the Slasher, an amateur MiGl (D:3)
  A bullfrog (D:4)
  A bombardier beetle (D:2)
  An orc wizard (D:4)
  5 adders
  2 river rats (D:3)
  2 orcs (D:4)
  7 endoplasms
  3 giant cockroaches
  8 goblins
  3 hobgoblins
  4 quokkas
  6 ball pythons
  4 bats
  2 frilled lizards (D:1)
  3 kobolds
  3 rats
56 creatures vanquished.

Notes
Turn   | Place    | Note
-------+----------+-------------------------------------------
     0 | D:1      | Fodor the Minotaur Fighter began the quest for the Orb.
     0 | D:1      | Reached XP level 1. HP: 19/19 MP: 0/0
   208 | D:1      | Reached XP level 2. HP: 24/27 MP: 1/1
   384 | D:1      | Reached skill level 4 in Armour
   760 | D:2      | Reached XP level 3. HP: 26/33 MP: 2/2
  1198 | D:2      | Reached XP level 4. HP: 40/41 MP: 3/3
  1775 | D:3      | Found a runed translucent door.
  1776 | D:3      | Noticed Battleaxe07's ghost (amateur MiGl)
  1792 | D:3      | Reached skill level 5 in Armour
  1799 | D:3      | Killed Battleaxe07's ghost
  1800 | D:3      | Reached skill level 1 in Dodging
  1800 | D:3      | Reached XP level 5. HP: 27/47 MP: 4/4
  1808 | D:3      | Found a runed translucent door.
  2173 | D:4      | Reached XP level 6. HP: 53/53 MP: 5/5
  2191 | D:4      | Killed from afar by an orc wizard

Illustrated notes

Levels and vault maps discovered:
D:1:      lemuel_arrival_river_ford, layout_loops_ring
D:2:      minmay_door_path, layout_basic, nrook_uturn, minmay_3d_cube
D:3:      layout_basic, ebering_ghost_sewer_f
D:4:      wad_woods_pond, layout_basic, grunt_qazlal_sundering,
          minmay_temple_entry_nine_rooms, biasface_ghost_orc_armoury

Skill      XL: |  1  2  3  4 |
---------------+-------------+-----
Armour         | 4 5 |  5.4
Fighting       | 4 |  4.7
Shields        | 4 |  4.8
Axes           | 3 4 |  4.5
Dodging        | 1 |  1.6
Stealth        | |  0.3

Action                     |  1- 3 |  4- 6 || total
---------------------------+-------+-------++-------
  Melee: War axe           |    70 |    51 ||   121
         Headbutt          |     3 |     7 ||    10
 Armour: Scale mail        |    61 |    72 ||   133
  Dodge: Dodged            |    30 |    25 ||    55
  Block: Buckler           |    16 |     2 ||    18
         Kite shield       |       |    32 ||    32

Table legend: (Time is in decaauts)
 A = Elapsed time spent in this place.
 B = Non-inter-level travel time spent in this place.
 C = Inter-level travel time spent in this place.
 D = Time resting spent in this place.
 E = Time spent auto-exploring this place.
 F = Levels seen in this place.
 G = Mean time per level.
                   A        B        C        D        E       F      G
               +--------+--------+--------+--------+--------+-----+--------+
         Total |   2249 |   2179 |     70 |      0 |   1531 |   4 |  562.2 |
       Dungeon |   2249 |   2179 |     70 |      0 |   1531 |   4 |  562.2 |
               +--------+--------+--------+--------+--------+-----+--------+

Top non-repeatable levels by time:
     D:2: 887 daAuts
     D:1: 670 daAuts
     D:3: 640 daAuts
     D:4: 51 daAuts
